 Dungeon Crawl Stone Soup version 0.31-a0-167-g1c394c0614 (webtiles) character file.

Game seed: 2408160087018702761

109 Dittersdorf the Shield-Bearer (level 4, -1/29 HPs)
             Began as a Gargoyle Fighter on June 14, 2023.
             Slain by an orc wizard
             ... wielding a +2 dagger of freezing
              (2 damage)
             ... on level 3 of the Dungeon.
             The game lasted 00:04:02 (2314 turns).

Dittersdorf the Shield-Bearer (Gargoyle Fighter)    Turns: 2314, Time: 00:04:02

Health: -1/29      AC: 10    Str: 22    XL:     4   Next: 90%
Magic:  4/4        EV:  7    Int:  8    God:
Gold:   138        SH: 13    Dex:  9    Spells: 3/3 levels left

rFire   . . .        a - +0 flail
rCold   . . .        t - +2 tower shield
rNeg    + . .        b - +0 scale mail
rPois   ∞            (no helmet)
rElec   +            (no cloak)
rCorr   .            (no gloves)
SInv    .            (no boots)
Will    .....        (no amulet) Stlth
                     (no ring)
HPRegen 0.24/turn    (no ring)
MPRegen 0.09/turn

%: no passive effects
@: no status effects
A: sickness immunity, AC +3, negative energy resistance 1, electricity
resistance, torment resistance 1, petrification resistance
a: no special abilities


You were on level 3 of the Dungeon.
You visited 1 branch of the dungeon, and saw 3 of its levels.

You collected 138 gold pieces.

Inventory:

Hand Weapons
 a - a +0 flail (weapon)
Missiles
 g - 2 poisoned darts
Armour
 b - a +0 scale mail (worn)
 o - a +0 plate armour
 t - a +2 tower shield (worn)
Scrolls
 e - a scroll of noise {unknown}
 i - 3 scrolls of teleportation {unknown}
 k - a scroll of blinking {unknown}
 l - 2 scrolls of identify {unknown}
 m - a scroll of fear {unknown}
 p - a scroll of immolation {unknown}
 r - a scroll of acquirement {unknown}
Potions
 d - a potion of might
 f - a potion of lignification {unknown}
 h - 6 potions of curing {unknown}
 j - a potion of attraction {unknown}
 n - 2 potions of enlightenment {unknown}
 q - a potion of haste {unknown}
 s - a potion of brilliance {unknown}


   Skills:
 + Level 4.1 Fighting
 + Level 2.9 Maces & Flails
 + Level 4.1 Armour
 + Level 4.1 Shields


You had 3 spell levels left.
You didn't know any spells.
Your spell library contained the following spells:

 Spells                   Type           Power      Damage    Failure   Level
 Blink                    Tloc           0%         N/A       100%        2
 Lesser Beckoning         Tloc           0%         N/A       100%        2
 Momentum Strike          Conj/Tloc      0%         3d8       100%        2
 Portal Projectile        Hex/Tloc       0%         N/A       100%        3
 Tukima's Dance           Hex            0%         N/A       100%        3
 Blade Hands              Tmut           0%         N/A       100%        5


Dungeon Overview and Level Annotations

Branches:
Dungeon (3/15)

Altars:


Innate Abilities, Weirdness & Mutations

You are immune to sickness and miasma.
Your stone body is resilient. (AC +3)
You are immune to poison.
You resist negative energy. (rN+)
You are resistant to electric shocks. (rElec)
You are resistant to unholy torment.
You are immune to petrification.


Message History

An orc wizard comes into view. It is wielding a +2 dagger of freezing.
Something hits you. Something hits you but does no damage.
You hit something. Something hits you but does no damage.
You closely miss something.
The orc wizard mumbles some strange words.
The orc wizard flickers and vanishes!
Something hits you but does no damage. You block something's attack.
You sock something!
Reactivating autopickup.
You feel a bit more experienced. Something hits you but does no damage.
Deactivating autopickup; reactivate with Ctrl-A.
You barely miss something. Something hits you but does no damage.
You miss something.
Something hits you but does no damage. x2
You hit something. Something hits you but does no damage.
You closely miss something.
You hear some strange, mumbled words.
A puff of flame appears from out of thin air!
You block the puff of flame.
You hear some strange, mumbled words.
Something tries to affect you, but you resist.
You miss something. Something hits you. Something freezes you.
You closely miss something. Something hits you. Something freezes you.
You block something's attack.
You miss something. Something completely misses you.
You closely miss something.
You hear some strange, mumbled words.
A puff of flame appears from out of thin air!
The puff of flame hits you. Something hits you. Something freezes you.
You closely miss something. Something hits you.
* * * LOW HITPOINT WARNING * * *
Something freezes you.
* * * LOW HITPOINT WARNING * * *
You hit something. Something completely misses you. Something hits you.
* * * LOW HITPOINT WARNING * * *
Something freezes you.
* * * LOW HITPOINT WARNING * * *
You miss something. Something hits you.
* * * LOW HITPOINT WARNING * * *
Something freezes you.
You die...

#.#.###### #..# #.#.#
#######..# #.#
........## #.#
#######.######### #.#
#.......... #†#
############### #.###
# #.........#
#.#<#.#.####.#######.#
#...#...{@.......# #.#
#####...####.###.# #.#
#.# #.# #.# #.# # #.#
#.###.# #.# #...#.#
#.# ###.#.##### #.#
#..#...... #.#
#.######## #.# #.#


There were no monsters in sight!

Vanquished Creatures
  An orc wizard (D:3)
  An adder (D:2)
  2 worms
  An orc (D:3)
  4 ball pythons
  5 endoplasms
  4 giant cockroaches
  8 hobgoblins
  6 kobolds
  3 quokkas (D:1)
  5 bats
  8 frilled lizards
  13 goblins
  5 rats
66 creatures vanquished.

Notes
Turn   | Place    | Note
-------+----------+-------------------------------------------
     0 | D:1      | Dittersdorf the Gargoyle Fighter began the quest for the
                  | Orb.
     0 | D:1      | Reached XP level 1. HP: 14/14 MP: 1/1
   119 | D:1      | Reached XP level 2. HP: 18/19 MP: 2/2
   348 | D:1      | Reached XP level 3. HP: 23/23 MP: 3/3
  1436 | D:2      | Reached XP level 4. HP: 22/29 MP: 4/4
  2314 | D:3      | HP: 1/29 [something (3)]
  2314 | D:3      | Slain by an orc wizard

Illustrated notes

Levels and vault maps discovered:
D:1:      dpeg_arrival_morbid_curiosity, layout_basic, minmay_crystal_room
D:2:      layout_loops_corners, minmay_goblin_kobold_house
D:3:      layout_basic, dilly_guarded_unrand_throatcut

Skill      XL: |  1  2  3  4 |
---------------+-------------+-----
Armour         | 4 |  4.1
Fighting       | 4 |  4.1
Shields        | 4 |  4.1
Maces & Flails | |  2.9

Action                     |  1- 3 |  4- 6 || total
---------------------------+-------+-------++-------
  Melee: Flail             |   163 |    70 ||   233
 Armour: Scale mail        |    96 |    34 ||   130
  Dodge: Dodged            |    72 |    20 ||    92
  Block: Buckler           |    30 |    13 ||    43
         Tower shield      |       |    12 ||    12

Table legend: (Time is in decaauts)
 A = Elapsed time spent in this place.
 B = Non-inter-level travel time spent in this place.
 C = Inter-level travel time spent in this place.
 D = Time resting spent in this place.
 E = Time spent auto-exploring this place.
 F = Levels seen in this place.
 G = Mean time per level.
                   A        B        C        D        E       F      G
               +--------+--------+--------+--------+--------+-----+--------+
         Total |   2394 |   2313 |     81 |     79 |   1677 |   3 |  798.0 |
       Dungeon |   2394 |   2313 |     81 |     79 |   1677 |   3 |  798.0 |
               +--------+--------+--------+--------+--------+-----+--------+

Top non-repeatable levels by time:
     D:1: 1020 daAuts
     D:2: 1005 daAuts
     D:3: 368 daAuts
